 Dungeon Crawl Stone Soup version 0.26-a0-812-g31a745ddcd (webtiles) character file.

Game seed: 17744249078030653820

120 kae the Ruffian (level 4, 0/36 HPs)
             Began as a Draconian Transmuter on Dec 1, 2020.
             Was an Initiate of Wu Jian.
             Killed by divine providence
             ... invoked by an orc priest
              (15 damage)
             ... on level 3 of the Dungeon.
             The game lasted 00:01:25 (3042 turns).

kae the Ruffian (Draconian Transmuter)              Turns: 3042, Time: 00:01:26

Health: 0/36       AC:  5    Str: 13    XL:     4   Next: 75%
Magic:  7/7        EV: 12    Int: 13    God:    Wu Jian [......]
Gold:   140        SH:  0    Dex: 12    Spells: 6/7 levels left

rFire    . . .     SeeInvis .   d - +0 quarterstaff (drain)
rCold    . . .     Faith    .   (shield currently unavailable)
rNeg     . . .     Spirit   .   (armour unavailable)
rPois    .         Reflect  .   (helmet currently unavailable)
rElec    .         Harm     .   (no cloak)
rCorr    .         Rampage  .   (no gloves)
MR       .....                  (boots currently unavailable)
Stlth    +.........             (no amulet)
HPRegen  0.12/turn              (no ring)
MPRegen  0.10/turn              (no ring)

@: brilliant, appendages (expiring)
A: unfitting armour, horns 2, talons 2, cold-blooded, AC +5
a: End Transformation, Renounce Religion


You were on level 3 of the Dungeon.
You worshipped Wu Jian.
Wu Jian was noncommittal.
You had grown temporary horns.
You had grown temporary talons.
You visited 1 branch of the dungeon, and saw 3 of its levels.

You collected 140 gold pieces.

Inventory:

Hand Weapons
 d - a +0 quarterstaff of draining (weapon)
Jewellery
 e - an uncursed ring of positive energy
Scrolls
 a - 2 scrolls of identify {unknown}
 b - a scroll of remove curse {unknown}
 c - a scroll of amnesia {unknown}
 f - 2 scrolls of immolation {unknown}
 g - 2 scrolls of teleportation {unknown}
 h - 3 scrolls of enchant armour {unknown}
 k - a scroll of blinking {unknown}


   Skills:
 + Level 2.0 Fighting
 + Level 2.3 Dodging
 * Level 4.0 Unarmed Combat
 + Level 2.4 Spellcasting
 * Level 3.1 Transmutations


You had 6 spell levels left.
You knew the following spells:

 Your Spells              Type           Power        Failure   Level
a - Beastly Appendage     Tmut           ##....       7%          1

Your spell library contained the following spells:

 Spells                   Type           Power        Failure   Level
 Wereblood                Tmut           ##......     11%         2
 Spider Form              Tmut/Pois      #.........   36%         3
 Ice Form                 Ice/Tmut       #.......     78%         4
 Blade Hands              Tmut           ##........   88%         5


Dungeon Overview and Level Annotations

Branches:
Dungeon (3/15)

Altars:
Dithmenos
Fedhas
Okawaru
Qazlal
Ru
Trog
Uskayaw
Vehumet
Wu Jian
The Shining One


Innate Abilities, Weirdness & Mutations

Your plain brown scales are hard. (AC +5)
You cannot fit into any form of body armour.
You are cold-blooded and may be slowed by cold attacks.
You have a pair of horns on your head.
You have razor-sharp toenails.


Message History

Something is blocking the doorway!
Something hits you.
Something is blocking the doorway!
Something hits you.
You closely miss something. Your kick misses something. You headbutt something.
Something hits you.
* * * LOW HITPOINT WARNING * * *
You miss something. You claw something. You headbutt something.
You tail-slap something.
Your transformation is almost over.
Something hits you.
* * * LOW HITPOINT WARNING * * *
Something hits you but does no damage.
It was a potion of curing.
You feel better. Something hits you but does no damage.
It was a potion of brilliance.
You feel clever all of a sudden.
You miss something. You claw something.
You hear something call down the wrath of Beogh upon you.
Beogh smites you!
You die...

#.......#.#....# ###.##
#.####.####.#....#######....#
#...........#....##.......#.#
######.######....##.#.##..#..
#.#######.##.......#.#.#
#.).....#.....###......#
###........8..._...8...#
#.)...##............>#
#....@'..8.......8...#
#.....#..(.........#.#
#.....#..8.......8.#.#
#.....##.............#
#########)...#........
#....#........ #....#........
#....#.......# ###'##.......#


There were no monsters in sight!

Vanquished Creatures
  4 adders
  An ooze (D:2)
  3 worms
  2 dart slugs
  4 leopard geckos
  5 orcs (D:3)
  A ball python (D:2)
  6 bats
  2 giant cockroaches (D:1)
  5 goblins
  3 hobgoblins
  5 jackals
  5 kobolds
  A quokka (D:2)
  2 frilled lizards (D:1)
  9 rats
58 creatures vanquished.

Notes
Turn   | Place    | Note
-------+----------+-------------------------------------------
     0 | D:1      | kae the Draconian Transmuter began the quest for the Orb.
     0 | D:1      | Reached XP level 1. HP: 16/16 MP: 3/3
   258 | D:1      | Reached XP level 2. HP: 22/23 MP: 3/5
   781 | D:2      | Reached XP level 3. HP: 8/28 MP: 6/6
   805 | D:2      | HP: 1/28 [poisoned by an adder]
  1435 | D:2      | Found an ornate altar of the Wu Jian Council.
  1455 | D:2      | Found a stormy altar of Qazlal.
  1457 | D:2      | Found a radiant altar of Vehumet.
  1457 | D:2      | Found a blossoming altar of Fedhas.
  1462 | D:2      | Found an iron altar of Okawaru.
  1462 | D:2      | Found a shadowy altar of Dithmenos.
  1480 | D:2      | Became a worshipper of the Wu Jian Council
  1629 | D:2      | Reached XP level 4. HP: 36/36 MP: 7/7
  1994 | D:2      | Noticed a moth of wrath
  1997 | D:2      | Found a bloodstained altar of Trog.
  2696 | D:3      | Found a hide-covered altar of Uskayaw.
  2709 | D:3      | Found a glowing golden altar of the Shining One.
  2960 | D:3      | Found a sacrificial altar of Ru.
  3008 | D:3      | Reached skill level 4 in Unarmed Combat
  3042 | D:3      | Killed from afar by an orc priest

Illustrated notes

Levels and vault maps discovered:
D:1:      dpeg_arrival_boxes_within_box, layout_basic
D:2:      wad_pebble_path, layout_basic, tgw_trog, grunt_temple_overflow_open,
          kennysheep_generic_room_16
D:3:      layout_basic, grunt_temple_overflow_gold_and_silver,
          lemuel_round_altar, eat_drink_and_be_merry_uskayaw,
          nicolae_ru_sacrificial_ziggurat

Skill      XL: |  1  2  3  4 |
---------------+-------------+-----
Dodging        | 2 |  2.3
Transmutations | 3 |  3.1
Fighting       | 2 |  2.0
Unarmed Combat | 4 |  4.0
Spellcasting   | |  2.4

Action                   |  1- 3 |  4- 6 || total
-------------------------+-------+-------++-------
Melee: Unarmed           |    70 |       ||    70
       Kick              |    10 |    10 ||    20
       Headbutt          |     6 |     7 ||    13
       Tailslap          |     5 |     5 ||    10
       Quarterstaff      |    32 |    54 ||    86
 Cast: Beastly Appendage |    19 |    14 ||    33
Invok: Lunge             |     1 |     5 ||     6
  Use: Potion            |       |     2 ||     2
 Stab: Sleeping          |     1 |       ||     1
Armor: Skin              |    40 |    26 ||    66
Dodge: Dodged            |    88 |    32 ||   120

Table legend: (Time is in decaauts)
 A = Elapsed time spent in this place.
 B = Non-inter-level travel time spent in this place.
 C = Inter-level travel time spent in this place.
 D = Time resting spent in this place.
 E = Time spent auto-exploring this place.
 F = Levels seen in this place.
 G = Mean time per level.
                   A        B        C        D        E       F      G
               +--------+--------+--------+--------+--------+-----+--------+
         Total |   3061 |   2987 |     74 |    619 |   1923 |   3 | 1020.3 |
       Dungeon |   3061 |   2987 |     74 |    619 |   1923 |   3 | 1020.3 |
               +--------+--------+--------+--------+--------+-----+--------+

Top non-repeatable levels by time:
     D:2: 1788 daAuts
     D:1: 728 daAuts
     D:3: 544 daAuts
